 Dungeon Crawl Stone Soup version 0.31-a0-175-g9f7f995f2b (webtiles) character file.

Game seed: 14725954310656144405

268 qw the Shooter (level 6, -10/39 HPs)
             Began as a Gargoyle Hunter on June 17, 2023.
             Mangled by Edmund
             ... wielding a +3 flail of holy wrath
              (20 damage)
             ... on level 5 of the Dungeon.
             The game lasted 00:01:08 (3067 turns).

qw the Shooter (Gargoyle Hunter)                    Turns: 3067, Time: 00:01:08

Health: -10/39     AC: 13    Str: 14    XL:     6   Next: 21%
Magic:  6/6        EV: 10    Int: 10    God:
Gold:   215        SH:  0    Dex: 15    Spells: 5/5 levels left

rFire   + . .        Y - +0 shortbow
rCold   . . .        (shield currently unavailable)
rNeg    + . .        d - +0 ring mail
rPois   inf          (no helmet)
rElec   +            h - +0 cloak
rCorr   .            f - +2 pair of gloves
SInv    .            (no boots)
Will    .....        (no amulet)
Stlth   +            n - ring of protection from fire
HPRegen 0.26/turn    (no ring)
MPRegen 0.10/turn

%: no passive effects
@: no status effects
A: sickness immunity, AC +4, negative energy resistance 1, electricity
resistance, torment resistance 1, petrification resistance
a: no special abilities


You were on level 5 of the Dungeon.
You visited 1 branch of the dungeon, and saw 6 of its levels.

You collected 215 gold pieces.


Innate Abilities, Weirdness & Mutations

You are immune to sickness and miasma.
Your stone body is resilient. (AC +4)
You are immune to poison.
You resist negative energy. (rN+)
You are resistant to electric shocks. (rElec)
You are resistant to unholy torment.
You are immune to petrification.


   Skills:
 - Level 4.4 Fighting
 + Level 6.2 Ranged Weapons
 - Level 1.0 Armour
 - Level 1.5 Dodging
 - Level 1.1 Stealth


You had 5 spell levels left.
You didn't know any spells.
Your spell library was empty.

Inventory:

Hand Weapons
 Y - a +0 shortbow (weapon)
Armour
 d - a +0 ring mail (worn)
 f - a +2 pair of gloves (worn)
 h - a +0 cloak (worn)
Jewellery
 n - a ring of protection from fire (left hand)
Scrolls
 l - a scroll of identify
Potions
 b - a potion of attraction
 i - a potion of resistance {unknown}
 j - a potion of curing {unknown}
 k - a potion of enlightenment {unknown}
 m - a potion of mutation {unknown}
 o - a potion of brilliance {unknown}
 p - a potion of magic {unknown}
 q - a potion of degeneration {unknown}

Dungeon Overview and Level Annotations

Branches:
Dungeon (6/15)
 Temple: D:4-7

Altars:
Wu Jian

Annotations:
D:5 Edmund


Message History

An orc priest comes into view. It is wielding a +0 short sword.
You shoot an arrow. The arrow hits the orc priest.
The orc priest is moderately wounded.
You shoot an arrow. The arrow hits the orc priest.
The orc priest is heavily wounded.
You shoot an arrow.
The arrow hits the orc priest but does no damage.
The orc priest is heavily wounded.
You shoot an arrow.
The arrow hits the orc priest but does no damage.
The orc priest is heavily wounded.
You shoot an arrow. The arrow barely misses the orc priest.
You shoot an arrow. The arrow hits the orc priest.
The orc priest is severely wounded.
The orc priest hits you but does no damage.
You shoot an arrow. The arrow hits the orc priest.
You kill the orc priest!
Found a stone staircase leading down.
Edmund the Younger comes into view.
He is wielding a +3 flail of holy wrath.
You shoot an arrow. The arrow barely misses Edmund.
You shoot an arrow.
The arrow hits Edmund but does no damage.
You shoot an arrow. The arrow hits Edmund.
Edmund is lightly wounded.
You shoot an arrow. The arrow hits Edmund!
Edmund is moderately wounded.
Edmund drinks a potion.
Edmund goes berserk!
You shoot an arrow. The arrow hits Edmund!
Edmund is moderately wounded.
Edmund hits you with a +3 flail of holy wrath!
You shoot an arrow. The arrow hits Edmund!
Edmund is heavily wounded.
Edmund hits you with a +3 flail of holy wrath!
Edmund closely misses you.
You shoot an arrow. The arrow hits Edmund!
Edmund is heavily wounded.
Edmund hits you with a +3 flail of holy wrath!
Edmund hits you with a +3 flail of holy wrath!!
Ouch! That really hurt!
You die...

#############
......@@...:#
###########.#####.#
########..........#
.....>.....########
########...#
##.########
#.)....).#
########.#######
#..>.....


You could see Edmund (berserk).

Vanquished Creatures
  An ogre (D:6)
  An orc priest (D:5)
  2 gnolls (D:1)
  6 adders
  2 worms (D:2)
  4 dart slugs
  9 orcs
  4 ball pythons
  5 endoplasms
  A giant cockroach (D:1)
  4 goblins
  8 hobgoblins
  A quokka (D:3)
  A bat (D:2)
  5 frilled lizards
  6 kobolds
  4 rats (D:1)
64 creatures vanquished.

Notes
Turn   | Place    | Note
-------+----------+-------------------------------------------
     0 | D:1      | qw the Gargoyle Hunter began the quest for the Orb.
     0 | D:1      | Reached XP level 1. HP: 12/12 MP: 1/1
     0 | D:1      | 0 ||| qw: Version: 0.3-a-2-g5ab2908
     0 | D:1      | 0 ||| qw: Game counter: 351
     0 | D:1      | 0 ||| qw: Always use a shield: true
     0 | D:1      | 0 ||| qw: God list: Okawaru
     0 | D:1      | 0 ||| qw: Allow faded altars: false
     0 | D:1      | 0 ||| qw: Do Orc after D:15 true
     0 | D:1      | 0 ||| qw: Do second Lair branch before Depths: true
     0 | D:1      | 0 ||| qw: Lair rune preference: random
     0 | D:1      | 0 ||| qw: Plans: Normal, Zot:1-4, Slime:5, God:TSO, Crypt,
                  | Tomb, Abyss, Pan, Hells, Win
     0 | D:1      | 0 ||| PLANNING D:1-11
    61 | D:1      | Reached XP level 2. HP: 17/17 MP: 2/2
   222 | D:1      | Reached XP level 3. HP: 21/21 MP: 3/3
   240 | D:1      | Reached skill level 5 in Ranged Weapons
   302 | D:1      | HP: 5/21 [gnoll/+0 flail (6)]
   478 | D:1      | Reached skill level 3 in Fighting
   989 | D:1      | 989 ||| UPGRADING to +0 ring mail.
   999 | D:1      | 999 ||| DROPPING +0 leather armour.
  1000 | D:1      | 1000 ||| READING 2 scrolls labelled GEULAOT HODD.
  1004 | D:1      | 1004 ||| READING scroll labelled TEOTHR FISTYS.
  1005 | D:1      | 1005 ||| READING scroll labelled IKOJERGHUDAA.
  1006 | D:1      | 1006 ||| DROPPING scroll of butterflies.
  1198 | D:2      | Reached XP level 4. HP: 28/28 MP: 4/4
  1343 | D:2      | Reached skill level 1 in Armour
  1677 | D:2      | 1677 ||| UPGRADING to +2 pair of gloves.
  1682 | D:2      | 1682 ||| UPGRADING to +0 cloak.
  1687 | D:2      | 1687 ||| UPGRADING to ring of protection from fire.
  1688 | D:2      | 1688 ||| READING scroll labelled UBBIOS MENWUTOWN.
  1689 | D:2      | 1689 ||| READING scroll labelled YPUMNI JOYTA.
  1690 | D:2      | 1690 ||| DRINKING 2 dark potions.
  1739 | D:3      | Found a faded altar of an unknown god.
  1740 | D:3      | 1740 ||| Stepping randomly (stuck).
  1839 | D:3      | 1839 ||| STAIRDANCE
  2021 | D:3      | 2021 ||| DROPPING +0 heavy sling.
  2306 | D:3      | Reached XP level 5. HP: 32/32 MP: 5/5
  2397 | D:3      | Found an ornate altar of the Wu Jian Council.
  2777 | D:3      | 2777 ||| READING scroll labelled VYUK ATSESKERU.
  2778 | D:3      | 2778 ||| READING scroll labelled HUFUNEBBOG.
  2779 | D:3      | 2779 ||| READING 2 scrolls of identify.
  2779 | D:3      | 2779 ||| IDENTIFYING silvery potion
  2803 | D:4      | Reached skill level 6 in Ranged Weapons
  2867 | D:4      | You fall into a shaft and drop 2 floors!
  2868 | D:6      | Noticed an orc warrior
  2880 | D:6      | HP: 7/32 [orc warrior/+0 short sword (10)]
  2881 | D:6      | 2881 ||| READING scroll of teleportation.
  2881 | D:6      | HP: 1/32 [orc warrior/+0 short sword (6)]
  2882 | D:6      | 2882 ||| DRINKING potion of heal wounds.
  2923 | D:6      | Noticed an ogre
  2932 | D:6      | Killed an ogre
  2933 | D:6      | Reached XP level 6. HP: 14/39 MP: 6/6
  3023 | D:6      | 3023 ||| FLEEEEING.
  3024 | D:6      | 3024 ||| FLEEEEING.
  3026 | D:6      | 3026 ||| STAIRDANCE
  3027 | D:5      | Entered Level 5 of the Dungeon
  3060 | D:5      | Noticed Edmund
  3067 | D:5      | Mangled by Edmund

Levels and vault maps discovered:
D:1:      nzn_arrival_settlement, layout_basic, minmay_tetromino_i2
D:2:      layout_loops_ring, minmay_misc_feat_x
D:3:      layout_basic, amcnicky_altar_gilded, nicolae_ecumenical_oubliette
D:4:      layout_cave_pools, kennysheep_ying_yang,
          lemuel_zombie_altar_kikubaaqudgha, mainiacjoe_overflow_alcove_2,
          mainiacjoe_overflow_small_starburst, mainiacjoe_overflow_alcove_4,
          minmay_temple_entry_overgrown, kennysheep_generic_room_5, uniq_sigmund
D:5:      layout_loops_ring, uniq_crazy_yiuf_cottage, uniq_duvessa, uniq_edmund
D:6:      layout_loops_cross, mainiacjoe_overflow_cross_hatched, serial_shops,
          shop, minmay_chambers_of_fives

Skill      XL: |  1  2  3  4  5 |
---------------+----------------+-----
Ranged Weapons | 5 6 |  6.2
Fighting       | 3 4 |  4.4
Armour         | 1 |  1.0
Dodging        | |  1.5
Stealth        | |  1.1

Action                     |  1- 3 |  4- 6 || total
---------------------------+-------+-------++-------
   Fire: Shortbow          |   118 |   159 ||   277
    Use: Scroll            |     3 |     6 ||     9
         Potion            |       |     2 ||     2
 Armour: Leather armour    |    10 |       ||    10
         Ring mail         |     1 |    65 ||    66
  Dodge: Dodged            |    24 |    54 ||    78

Table legend:
 A = Non-vault XP
 B = Vault XP
 C = Vault XP percentage of total XP
 D = Non-vault monster count
 E = Vault monster count
 F = Vault count percentage of total count
                 A         B        C        D         E       F
            +---------+---------+-------+---------+---------+-------
      Total |     380 |       3 |   0.8 |      62 |       2 |   3.1
            +---------+---------+-------+---------+---------+-------
        D:1 |      77 |       3 |   3.8 |      29 |       2 |   6.5
        D:2 |      28 |       0 |   0.0 |       7 |       0 |   0.0
        D:3 |      89 |       0 |   0.0 |      18 |       0 |   0.0
        D:4 |      19 |       0 |   0.0 |       4 |       0 |   0.0
        D:5 |      46 |       0 |   0.0 |       2 |       0 |   0.0
        D:6 |     121 |       0 |   0.0 |       2 |       0 |   0.0
            +---------+---------+-------+---------+---------+-------
